 Dungeon Crawl Stone Soup version 0.27-a0-1154-gfdeffcb720 (webtiles) character file.

Game seed: 15346609187163781012

198 leviel the Ruffian (level 5, -5/53 HPs)
             Began as a Troll Monk on May 14, 2021.
             Slain by a bullfrog (8 damage)
             ... in a sewer.
             The game lasted 00:02:04 (2514 turns).

leviel the Ruffian (Troll Monk)                     Turns: 2514, Time: 00:02:05

Health: -5/53      AC:  4    Str: 20    XL:     5   Next: 47%
Magic:  4/4        EV: 10    Int:  6    God:
Gold:   80         SH:  0    Dex: 12    Spells: 4/4 levels left

rFire    . . .     SeeInvis .     - Unarmed
rCold    . . .     Faith    .   (no shield)
rNeg     . . .     Spirit   .   a - +0 robe
rPois    .         Reflect  .   (helmet restricted)
rElec    .         Harm     .   (no cloak)
rCorr    .         Rampage  .   (gloves unavailable)
Will     .....                  (boots unavailable)
Stlth    ++........             (no amulet)
HPRegen  1.17/turn              (no ring)
MPRegen  0.09/turn              (no ring)

@: lethally poisoned (-5 -> -8), studying Fighting, very slow
A: large, unfitting armour, claws 3, regeneration 1, shaggy fur 1, tough skin 1
a: no special abilities


You were in a sewer.
You visited 1 branch of the dungeon, and saw 3 of its levels.
You also visited: Sewer.

You collected 80 gold pieces.

Inventory:

Armour
 a - a +0 robe (worn)
Scrolls
 c - a scroll of silence {unknown}
 d - 2 scrolls of teleportation {unknown}
 e - 3 scrolls of identify {unknown}
 f - a scroll of magic mapping {unknown}
 g - a scroll of enchant weapon {unknown}
 h - 4 scrolls of immolation {unknown}
 k - a scroll of holy word {unknown}
 o - a scroll of fog {unknown}
 p - a scroll of blinking {unknown}
 q - a scroll of fear {unknown}
Potions
 b - a potion of resistance {unknown}
 i - a potion of berserk rage {unknown}
 j - 2 potions of lignification {unknown}
 l - 2 potions of magic {unknown}
 m - 2 potions of might {unknown}
 n - a potion of brilliance {unknown}


   Skills:
 + Level 3.1 Fighting
 + Level 3.5 Dodging
 + Level 1.4 Stealth
 + Level 4.7 Unarmed Combat


You had 4 spell levels left.
You didn't know any spells.
Your spell library was empty.

Dungeon Overview and Level Annotations

Branches:
Dungeon (3/15)              Sewer (1/1)

Altars:
Beogh

Annotations:
D:3 3 runed translucent doors, Gunch's ghost, amateur GrMo


Innate Abilities, Weirdness & Mutations

You are too large for most types of armour.
You have claws for hands.
Your natural rate of healing is unusually fast.
You are covered in fur. (AC +1)
You have tough skin. (AC +1)


Message History

The adder is almost dead.
You feel sick. The adder bites you. The adder closely misses you.
The adder bites you but does no damage.
You scratch the adder.
You kill the adder!
You feel sick. The bullfrog closely misses you.
The adder bites you but does no damage. The adder bites you.
You are more poisoned.
The adder poisons you!
A ball python comes into view.
The adder bites you. The bullfrog hits you. The adder bites you.
The ball python hisses angrily.
You claw the bullfrog!
The bullfrog is heavily wounded.
You feel sick.
The adder bites you but does no damage. x2
The bullfrog hits you! The adder barely misses you.
Unknown command.
You are too injured to fight recklessly!
You feel sick.
The adder bites you but does no damage. x2
The bullfrog hits you. The adder bites you but does no damage.
The adder barely misses you.
You are too injured to fight recklessly!
You are too injured to fight recklessly!
Unknown command.
You are too injured to fight recklessly!
You enter the shallow water.
Moving in this stuff is going to be slow.
You feel sick. The adder bites you.
* * * LOW HITPOINT WARNING * * *
You are more poisoned.
The adder poisons you! The bullfrog hits you.
* * * LOW HITPOINT WARNING * * *
The adder bites you but does no damage. The adder bites you.
* * * LOW HITPOINT WARNING * * *
You feel very sick. The adder bites you.
* * * LOW HITPOINT WARNING * * *
You are lethally poisoned!
The adder poisons you! The bullfrog hits you!
You die...

≈≈≈≈≈≈# #≈≈≈≈≈≈#
≈≈≈≈≈≈# #≈≈≈≈≈≈#
≈≈≈≈≈≈# #≈≈≈≈≈≈#
≈≈≈≈≈≈# #≈≈≈≈#≈#
≈≈≈≈≈≈# #≈≈≈≈≈l#
≈≈≈≈≈≈# #≈≈≈l.S#
≈≈..≈≈# #≈≈≈l.≈#
≈...≈≈# #≈≈SFS≈#
≈.≈≈.## #≈≈≈@#≈#
≈≈≈≈≈≈# #≈≈≈≈≈≈#
≈≈≈≈≈≈# #≈≈≈≈≈≈#
≈≈≈≈≈≈# #≈≈≈≈≈≈#
≈≈†≈≈≈# #≈≈≈≈≈≈#
≈≈†≈≈≈# #####≈≈≈≈≈≈#
..≈.≈## #..##..≈...#
......###..##......#
#......##'##......##


You could see a bullfrog, 2 adders, a ball python and 3 frilled lizards.

Vanquished Creatures
  9 adders
  2 river rats (D:3)
  2 worms (D:3)
  3 dart slugs
  An orc (D:3)
  10 ball pythons
  2 bats
  5 endoplasms
  2 giant cockroaches (D:1)
  A goblin (D:1)
  2 hobgoblins
  15 jackals
  5 quokkas
  3 frilled lizards
  2 kobolds
  32 rats
96 creatures vanquished.

Notes
Turn   | Place    | Note
-------+----------+-------------------------------------------
     0 | D:1      | leviel the Troll Monk began the quest for the Orb.
     0 | D:1      | Reached XP level 1. HP: 22/22 MP: 0/0
   221 | D:1      | Reached XP level 2. HP: 29/29 MP: 1/1
   865 | D:2      | Reached XP level 3. HP: 19/36 MP: 2/2
  1104 | D:2      | Found a faded altar of an unknown god.
  1580 | D:2      | Reached XP level 4. HP: 42/44 MP: 3/3
  1850 | D:3      | Reached skill level 4 in Unarmed Combat
  1991 | D:3      | Found a runed translucent gate.
  1991 | D:3      | Found a runed translucent gate.
  1991 | D:3      | Noticed Gunch's ghost (amateur GrMo)
  1992 | D:3      | Found a runed translucent gate.
  1993 | D:3      | Identified the +1 leather armour of Grot {rPois rCorr}
  2233 | D:3      | Found a glowing drain.
  2258 | Sewer    | Entered a sewer
  2277 | Sewer    | Reached XP level 5. HP: 53/53 MP: 4/4
  2514 | Sewer    | Slain by a bullfrog

Illustrated notes

Levels and vault maps discovered:
D:1:      minmay_arrival_doors, layout_basic
D:2:      layout_loops_ring, shapermc_ecumenical_altar_mp_vishouse,
          minmay_misc_feat_encased, serial_park_tiny_pond, st_stairs_14,
          minmay_pentomino_z2
D:3:      layout_basic, portal_sewer_entry_a, biasface_ghost_orc_armoury
Sewer:    sewer_minmay_w

Skill      XL: |  1  2  3  4 |
---------------+-------------+-----
Dodging        | 3 |  3.5
Unarmed Combat | 4 |  4.7
Fighting       | 3 |  3.1
Stealth        | |  1.4

Action                   |  1- 3 |  4- 6 || total
-------------------------+-------+-------++-------
Melee: Unarmed           |    72 |   139 ||   211
       Punch             |     1 |     1 ||     2
 Stab: Sleeping          |     2 |     2 ||     4
Armor: Robe              |    25 |    68 ||    93
Dodge: Dodged            |    34 |    85 ||   119

Table legend: (Time is in decaauts)
 A = Elapsed time spent in this place.
 B = Non-inter-level travel time spent in this place.
 C = Inter-level travel time spent in this place.
 D = Time resting spent in this place.
 E = Time spent auto-exploring this place.
 F = Levels seen in this place.
 G = Mean time per level.
                   A        B        C        D        E       F      G
               +--------+--------+--------+--------+--------+-----+--------+
         Total |   2533 |   2459 |     74 |      8 |   2017 |   4 |  633.2 |
       Dungeon |   2250 |   2176 |     74 |      0 |   1880 |   3 |  750.0 |
         Sewer |    283 |    283 |      0 |      8 |    137 |   1 |  283.0 |
               +--------+--------+--------+--------+--------+-----+--------+

Top non-repeatable levels by time:
     D:1: 854 daAuts
     D:2: 780 daAuts
     D:3: 615 daAuts
   Sewer: 283 daAuts
